AoeStats
← darador86

Arabia

506978377Analyzed
4v4 RM · 18d ago on Sep 16, 2026· 38m 48s· 8 players
Game mode
Random Map
Map size
Large (8 player)
Population
200
Speed
Normal
Resources
Standard
Victory
Conquest
Starting age
Dark Age
Ending age
Imperial Age
RankedLock teamsTeams togetherTeam positionsShared explorationLock speedFull tech treeHidden civsTurbo modeCheats
Victory
Defeat
🇦🇷 Huns · Argentina
684
+15
🇵🇪 Sicilians · Peru
672
+15
🇵🇪 Spanish · Peru
643
+16
🇺🇸 Jurchens · United States
604
+18
🇷🇴 Goths · Romania
720
-18
🇲🇽 Persians · Mexico
716
-47
🇨🇴 Romans · Colombia
604
-14
🇯🇵 Maya · Japan
567
-13
CaptOblivious
10:13 Feudal Age
15:08 Bloodlines
20:22 Castle Age
18:44 Horse Collar
20:30 Loom
21:29 Scale Barding Armor
23:04 Forging
26:42 Fletching
32:19 Iron Casting
34:43 Chain Barding Armor
34:42 Husbandry
37:08 Bodkin Arrow
37:13 Padded Archer Armor
diegord12
10:48 Feudal Age
11:19 Stone Mining
15:35 Scale Mail Armor
20:32 Forging
21:44 Wheelbarrow
22:09 Double-Bit Axe
22:06 Horse Collar
22:20 Gold Mining
27:19 Castle Age
29:06 Hand Cart
29:11 Chain Mail Armor
29:32 Iron Casting
31:48 Bow Saw
31:55 Heavy Plow
32:34 Gold Shaft Mining
32:37 Stone Shaft Mining
31:27 Pikeman
jose adrian
12:27 Feudal Age
12:48 Horse Collar
12:54 Double-Bit Axe
16:42 Scale Barding Armor
23:07 Castle Age
29:08 Bow Saw
32:57 Chain Barding Armor
41:03 Imperial Age
darador86
15:05 Feudal Age
15:32 Double-Bit Axe
15:28 Horse Collar
17:01 Wheelbarrow
16:17 Loom
22:19 Castle Age
23:13 Heavy Plow
24:57 Bow Saw
24:40 Gold Mining
24:40 Stone Mining
25:42 Town Watch
27:12 Pikeman
29:17 Husbandry
29:27 Bloodlines
32:03 Town Patrol
35:52 Imperial Age
33:40 Hand Cart
36:44 Masonry
38:59 Marauders
OkenCoria4194
1:16 Loom
9:55 Feudal Age
11:11 Wheelbarrow
10:22 Horse Collar
10:30 Double-Bit Axe
13:16 Town Watch
23:45 Castle Age
23:54 Stone Mining
23:59 Gold Mining
23:41 Crossbowman
24:28 Padded Archer Armor
25:04 Town Patrol
25:29 Bow Saw
25:30 Heavy Plow
28:41 Hand Cart
31:33 Kamandaran
32:11 Leather Archer Armor
31:46 Fletching
36:14 Thumb Ring
CARMONEITOR
0:28 Loom
12:45 Feudal Age
14:15 Double-Bit Axe
14:19 Horse Collar
16:41 Wheelbarrow
16:05 Gold Mining
23:07 Castle Age
22:43 Forging
22:34 Scale Mail Armor
22:28 Stone Mining
23:10 Fishing Lines
24:24 Bow Saw
24:38 Caravan
26:52 Chain Mail Armor
27:12 Iron Casting
26:53 Gillnets
27:28 Heavy Plow
28:31 Man-at-Arms
30:48 Hand Cart
30:19 Town Watch
32:21 Long Swordsman
33:02 Squires
Jawaharlal NEHRU
0:28 Loom
11:42 Feudal Age
12:25 Double-Bit Axe
14:07 Horse Collar
15:21 Fletching
29:05 Gold Mining
31:12 Wheelbarrow
32:21 Town Watch
justifie
10:34 Feudal Age
11:02 Horse Collar
11:12 Double-Bit Axe
17:45 Gold Mining
22:23 Castle Age
23:14 Bloodlines
22:25 Light Cavalry
24:26 Bow Saw
24:19 Heavy Plow
24:22 Husbandry
24:56 Stone Mining
Connection lost

Rejoining the realm…

Still unreachable

The connection could not be restored.

Session expired

The server has moved on; the page needs a fresh start.